 Dungeon Crawl Stone Soup version 0.20-a0-830-g2c9a30d (webtiles) character file.

6621 M4edhros the Cleaver (level 10, -7/91 HPs)
             Began as a Minotaur Berserker on Mar 7, 2017.
             Was a Priest of Trog.
             Mangled by a komodo dragon (17 damage)
             ... on level 2 of the Lair of Beasts.
             The game lasted 00:13:19 (2228 turns).

M4edhros the Cleaver (Minotaur Berserker)           Turns: 2228, Time: 00:13:19

Health: -7/91      AC: 15    Str: 24    XL:     10   Next: 72%
Magic:  11/11      EV: 11    Int:  4    God:    Trog [***...]
Gold:   453        SH:  0    Dex: 13    Spells: 9/9 levels left

rFire    . . .     SeeInvis .   e - +1 hand axe (drain)
rCold    + . .     Gourm    .   o - +1 plate armour
rNeg     . . .     Faith    .   (no shield)
rPois    .         Spirit   .   (helmet restricted)
rElec    +         Reflect  .   (no cloak)
rCorr    .         Harm     .   (no gloves)
MR       .....                  (no boots)
Stlth    ..........             h - amulet of rage
Regen    0.3/turn               (no ring)
MPRegen  0.2/turn               (no ring)

@: no status effects
A: retaliatory headbutt, horns 2, blurry vision 1, cold resistance 1,
electricity resistance, strong 1
a: Berserk, Trog's Hand, Burn Spellbooks, Renounce Religion, Evoke Berserk Rage


You were on level 2 of the Lair of Beasts.
You worshipped Trog.
Trog was most pleased with you.
You were very hungry.

You visited 2 branches of the dungeon, and saw 11 of its levels.

You collected 453 gold pieces.

Inventory:

Hand Weapons
 e - a +1 hand axe of draining (weapon)
 r - a -1 war axe
 v - a +1 hand axe of chopping
Armour
 b - a +0 animal skin
 d - a +0 ring mail
 i - a +0 scale mail
 k - a +0 chain mail
 o - a +1 plate armour (worn)
Jewellery
 h - an amulet of rage (around neck)
Wands
 g - a wand of flame (15/48)
 l - a wand of iceblast (5/15)
 s - a wand of polymorph (9/24)
 u - a wand of clouds (2/9)
 w - a wand of random effects (29/48)
 y - a wand of random effects (18/48)
Scrolls
 j - 3 scrolls of recharging
 n - 3 scrolls of remove curse
Potions
 p - 2 potions of heal wounds
 q - a potion of invisibility
 t - 2 potions of magic
 z - a potion of agility {unknown}
Comestibles
 a - a fruit
 c - 2 bread rations


   Skills:
 + Level 9.4 Fighting
 * Level 12.2 Axes
 + Level 8.9 Armour
 + Level 7.9 Dodging
 * Level 3.8 Evocations


You had 9 spell levels left.
You didn't know any spells.

Dungeon Overview and Level Annotations

Branches:
Dungeon (11/15)              Lair (2/6) D:9          Shoals (0/4) Lair:2
 Temple: D:4-7        Snake: Lair:2-4    Spider: Lair:2-4       Orc: D:9-12

Altars:
Makhleb
Trog

Shops:
D:6 (*!

Portals:
Trove: D:10 (give 7 potions of agility)


Innate Abilities, Weirdness & Mutations

You reflexively headbutt those who attack you in melee.
You have a pair of horns on your head.
Scrolls take you a little longer to read.
Your flesh is cold resistant. (rC+)
You are resistant to electric shocks. (rElec)
Your muscles are strong. (Str +2)


Message History

You enter the shallow water.
Moving in this stuff is going to be slow.
The komodo dragon bites you.
You hear the faint crackling of a distant melting archway.
The komodo dragon bites you!
Evoke which item? (* to show all) (? for menu, Esc to quit)
Aiming: Throw Flame (will waste charges)
Press: ? - help, Shift-Dir - straight line, f - komodo dragon
Aim: a komodo dragon (severely wounded, poisoned)
The puff of flame hits the komodo dragon.
The komodo dragon is almost dead.
Evoking this partially-identified wand wasted a few charges.
The komodo dragon is engulfed in a cloud of scalding steam.
The komodo dragon bites you!!
* * * LOW HITPOINT WARNING * * *
The four-headed hydra closely misses you.
The four-headed hydra bites you but does no damage. x3
The komodo dragon is engulfed in a cloud of scalding steam.
The komodo dragon bites you!
You die...

.....#P...# #....... #
##..##...####....... P
#.##..>.#.....#........
..##.#....................
...............#..........
......#.#.......#######......
...............## #......
.......#......# ###....
#..... #...@### #....
##..###...lD## # #....
##.......§§§≈≈##≈#### #....
.#%.%....P...#≈≈≈≈≈≈≈# #....
.P...%%..#...≈≈≈≈≈≈≈≈≈ ##..#
....%P%.....≈≈≈#####≈≈ #..#
....%%%%%..≈§≈##...## ##..#
...........≈≈≈#.....#≈≈##P...
....%...#.#≈≈≈#..>..#≈≈##....


You could see a four-headed hydra and a komodo dragon.

Vanquished Creatures
  The ghost of Toogi the Fanfare of Bloodshed, a journeyman DsFi of Makhleb (D:10)
  2 ugly things (D:11)
  2 spiny frogs
  A komodo dragon (Lair:2)
  A troll (D:10)
  A hornet (D:10)
  A snapping turtle (Lair:2)
  Sigmund (D:6)
  3 yaks
  Grum (D:8)
  A basilisk (Lair:1)
  A porcupine (Lair:1)
  4 orc warriors
  2 ice beasts
  A hornet zombie (D:7)
  2 wolves (D:8)
  A necrophage (D:6)
  4 crocodiles (Lair:1)
  4 bullfrogs
  A big kobold (D:7)
  10 killer bees
  3 hounds
  A quasit (D:6)
  A gnoll shaman (D:7)
  8 orc priests
  9 orc wizards
  2 worker ants
  2 iguanas
  A hound skeleton (D:11)
  5 gnolls (D:7)
  2 adders
  A dart slug (D:2)
  2 leopard geckos
  21 orcs
  A bat (D:1)
  A giant cockroach (D:2)
  2 jackals (D:11)
  7 kobolds
  A quokka (D:7)
  A frilled lizard (D:2)
  A rat (D:3)
117 creatures vanquished.

Vanquished Creatures (others)
  A wizard (D:7)
1 creature vanquished.

Grand Total: 118 creatures vanquished

Notes
Turn   | Place    | Note
-------+----------+-------------------------------------------
     0 | D:1      | M4edhros the Minotaur Berserker began the quest for the Orb.
     0 | D:1      | Reached XP level 1. HP: 19/19 MP: 0/0
   115 | D:3      | Reached XP level 2. HP: 26/26 MP: 1/1
   164 | D:3      | You fall through a shaft for 3 floors!
   164 | D:6      | Noticed a bullfrog
   167 | D:6      | Killed a bullfrog
   167 | D:6      | Reached skill level 4 in Axes
   167 | D:6      | Reached XP level 3. HP: 33/33 MP: 2/2
   167 | D:6      | Reached XP level 4. HP: 40/40 MP: 3/3
   252 | D:6      | Reached skill level 5 in Axes
   252 | D:6      | Reached XP level 5. HP: 47/47 MP: 4/4
   257 | D:6      | Found Veasinomul's Distillery.
   264 | D:6      | Reached ** piety under Trog
   279 | D:6      | Found Fuzxiph's General Store.
   291 | D:6      | Found Plog's Weapon Boutique.
   418 | D:6      | Noticed Sigmund
   422 | D:6      | Reached XP level 6. HP: 53/55 MP: 5/5
   429 | D:6      | Killed Sigmund
   429 | D:6      | Reached skill level 5 in Fighting
   429 | D:6      | Reached skill level 6 in Axes
   470 | D:6      | Noticed an orc warrior
   499 | D:6      | Reached XP level 7. HP: 24/61 MP: 6/6
   507 | D:6      | Reached skill level 5 in Armour
   507 | D:6      | HP: 1/61 [orc warrior/trident (12)]
   530 | D:6      | HP: 2/61 [orc wizard/puff of frost (3)]
   555 | D:6      | Reached skill level 7 in Axes
   629 | D:7      | Found a burning altar of Makhleb.
   677 | D:7      | Reached XP level 8. HP: 22/70 MP: 7/7
   710 | D:7      | Found a bloodstained altar of Trog.
   714 | D:7      | Noticed a wizard
   720 | D:7      | Killed a wizard
   746 | D:7      | Reached skill level 8 in Axes
   746 | D:7      | Reached skill level 5 in Dodging
  1096 | D:8      | Noticed Grum
  1108 | D:8      | Killed Grum
  1108 | D:8      | Reached skill level 9 in Axes
  1155 | D:10     | Entered Level 10 of the Dungeon
  1157 | D:10     | Noticed Toogi's ghost (journeyman DsFi)
  1172 | D:9      | Reached XP level 9. HP: 74/79 MP: 8/8
  1287 | D:10     | Reached skill level 10 in Axes
  1299 | D:10     | Killed Toogi's ghost
  1335 | D:10     | Reached *** piety under Trog
  1364 | D:10     | Noticed a troll
  1373 | D:10     | Killed a troll
  1398 | D:11     | Reached skill level 11 in Axes
  1410 | D:11     | Noticed a purple ugly thing
  1419 | D:11     | Killed a purple ugly thing
  1442 | D:11     | Gained mutation: Your flesh is cold resistant. (rC+) [mutagenic meat]
  1443 | D:11     | Gained mutation: Scrolls take you a little longer to read. [mutagenic meat]
  1444 | D:11     | Gained mutation: Your muscles are strong. (Str +2) [mutagenic meat]
  1445 | D:11     | Gained mutation: You are resistant to electric shocks. (rElec) [mutagenic meat]
  1475 | D:11     | Reached XP level 10. HP: 84/90 MP: 9/9
  1510 | D:11     | Noticed a cyan ugly thing
  1517 | D:11     | Killed a cyan ugly thing
  1517 | D:11     | Reached skill level 1 in Evocations
  1698 | D:10     | Found a portal to a secret trove of treasure.
  1816 | D:9      | Found a staircase to the Lair.
  1844 | Lair:1   | Entered Level 1 of the Lair of Beasts
  1878 | Lair:1   | Noticed a spiny frog
  1888 | Lair:1   | Killed a spiny frog
  2119 | Lair:2   | Found a staircase to the Shoals.
  2131 | Lair:2   | Reached skill level 12 in Axes
  2174 | Lair:2   | Noticed a spiny frog
  2180 | Lair:2   | Killed a spiny frog
  2205 | Lair:2   | Noticed a four-headed hydra
  2228 | Lair:2   | Mangled by a komodo dragon

Vault maps used:
D:1:      arrival_zaba_pyramid, serial_aquarium, aquarium_bridge_square,
          aquarium_bridge_island_large, aquarium_window_1, aquarium_window_2,
          aquarium_view_4, aquarium_view_2d, aquarium_pool_side
D:2:      grunt_temple_overflow_diamond
D:3:      chequers_ecumenical_altar_simple_redux
D:6:      lemuel_temple_firewalk_b, serial_shops, shop_statue,
          nicolae_shop_trees, shop, uniq_menkaure, uniq_sigmund
D:7:      nicolae_overflow_hidden_temple, basic_altar, trog_wizard
D:8:      cheibrodos_quashed, uniq_grum
D:9:      dpeg_oklobed_lair, uniq_maurice, uniq_pikel, uniq_erolcha
D:10:     serial_co_window_serial, co_window_paths_b,
          co_window_of_opportunity_a, co_window_paths_a, co_window_cross_1,
          co_window_paths_a, co_window_of_opportunity_a,
          co_window_unsneaky_path_c, co_window_paths_c, co_window_corner_cb,
          co_window_corner_b, co_window_sun, glass_columns_b, glass_columns_a,
          glass_columns_b, glass_columns_a, enter_trove_6
D:11:     zombieorc2_lemuel
Lair:2:   minmay_shoals_entry_hut, spider_nest_entry_rubble,
          portal_ice_cave_entry_ice_beasts, minivault_27, lemuel_fruit_tree,
          serial_bayou_shore_a

Skill      XL: |  1  2  3  4  5  6  7  8  9 10 |
---------------+-------------------------------+-----
Fighting       | 4 5 6 7 8 9 |  9.4
Axes           | 4 5 6 7 9 11 12 | 12.2
Armour         | 3 4 5 6 8 |  8.9
Dodging        | 3 4 6 7 |  7.9
Evocations     | 3 |  3.8

Action                   |  1- 3 |  4- 6 |  7- 9 | 10-12 || total
-------------------------+-------+-------+-------+-------++-------
Melee: Hand axe          |    15 |    42 |   197 |    90 ||   344
       Headbutt          |     2 |     9 |    42 |    25 ||    78
Invok: Berserk           |     1 |     2 |     7 |     3 ||    13
       Trog's Hand       |       |     1 |     7 |       ||     8
Evoke: Wand              |       |       |     1 |     3 ||     4
  Use: Potion            |       |     2 |       |     1 ||     3
       Scroll            |       |     1 |     6 |     6 ||    13
 Stab: Confused          |       |       |     2 |       ||     2
  Eat: Royal jelly       |       |     1 |       |       ||     1
       Chunk             |       |       |    10 |     1 ||    11
       Meat ration       |       |       |     1 |       ||     1
       Bread ration      |       |       |       |     1 ||     1
Armor: Ring mail         |     5 |     2 |       |       ||     7
       Scale mail        |       |     7 |       |       ||     7
       Chain mail        |       |    15 |    33 |       ||    48
       Plate armour      |       |       |    72 |    30 ||   102
Dodge: Dodged            |    16 |    30 |    78 |    50 ||   174
